 Dungeon Crawl Stone Soup version 0.29-a0-283-ga02f740833 (webtiles) character file.

Game seed: 12730000783542830240

67 Anunax the Shield-Bearer (level 4, -2/31 HPs)
             Began as an Octopode Fighter on Mar 13, 2022.
             Slain by an orc
             ... wielding a +0 war axe
              (9 damage)
             ... on level 2 of the Dungeon.
             The game lasted 00:02:24 (1603 turns).

Anunax the Shield-Bearer (Octopode Fighter)         Turns: 1603, Time: 00:02:25

Health: -2/31      AC:  1    Str: 15    XL:     4   Next: 18%
Magic:  4/4        EV: 13    Int: 10    God:
Gold:   96         SH:  5    Dex: 13    Spells: 3/3 levels left

rFire   . . .      SeeInvis .   g - +3 dagger (freeze)
rCold   . . .      Faith    .   b - +0 buckler
rNeg    . . .      Spirit   .   (helmet restricted)
rPois   .          Reflect  .   (no amulet)
rElec   .          Harm     .   (no ring)
rCorr   .          Rampage  .   (no ring)
Will    .....                   (no ring)
Stlth   +++.......              (no ring)
HPRegen 0.10/turn               (no ring)
MPRegen 0.09/turn               (no ring)
                                (no ring)
                                (no ring)

@: no status effects
A: almost no armour, amphibious, 8 rings, camouflage 1, gelatinous body 1,
(nimble swimmer 1), tentacles
a: no special abilities


You were on level 2 of the Dungeon.
You visited 1 branch of the dungeon, and saw 2 of its levels.

You collected 96 gold pieces.

Inventory:

Hand Weapons
 a - a +0 war axe
 g - a +3 dagger of freezing (weapon)
Armour
 b - a +0 buckler (worn)
Scrolls
 e - a scroll of enchant weapon {unknown}
 f - a scroll of noise {unknown}
 h - a scroll of identify {unknown}
 i - a scroll of amnesia {unknown}
Potions
 c - a potion of might
 d - a potion of magic {unknown}
 j - a potion of resistance {unknown}
 k - a potion of brilliance {unknown}


   Skills:
 + Level 3.5 Fighting
 + Level 0.1 Short Blades
 + Level 2.5 Axes
 + Level 3.5 Dodging
 + Level 0.9 Stealth
 + Level 3.5 Shields


You had 3 spell levels left.
You didn't know any spells.
Your spell library was empty.

Dungeon Overview and Level Annotations

Branches:
Dungeon (2/15)

Altars:


Innate Abilities, Weirdness & Mutations

You cannot wear most types of armour.
You are amphibious.
You can wear up to eight rings at the same time.
Your skin changes colour to match your surroundings (Stealth+).
Your rubbery body absorbs attacks. (AC +1, EV +1)
((You are camouflaged when in or above water. (Stealth+)))
You have tentacles for arms and can constrict up to eight enemies at once.


Message History

The orc attacks as you move away! The orc hits you with a +0 whip.
The orc attacks as you move away! You block the orc's attack.
The orc attacks as you move away! The orc barely misses you.
The orc attacks as you move away! The orc closely misses you.
The orc attacks as you move away! The orc hits you with a +0 club.
The orc attacks as you move away! The orc barely misses you.
The orc attacks as you move away! The orc hits you with a +0 club.
The orc attacks as you move away! The orc closely misses you.
The orc attacks as you move away! The orc hits you with a +0 hand axe!
You hit the orc. You freeze the orc. You grab the orc.
Your squeeze misses the orc.
The orc is severely wounded.
You constrict the orc. You block the orc's attack.
You hit the orc but do no damage. You squeeze the orc.
You kill the orc!
You block the orc's attack.
You barely miss the orc. Your grab misses the orc.
The orc is moderately wounded.
The orc closely misses you.
You closely miss the orc. Your grab misses the orc.
The orc is moderately wounded.
The orc closely misses you.
You hit the orc. You freeze the orc.
You kill the orc!
You hit the orc but do no damage. Your grab misses the orc.
The orc barely misses you.
You hit the orc. You freeze the orc. Your grab misses the orc.
Your squeeze misses the orc.
The orc is almost dead.
You block the orc's attack.
You hit the orc. You freeze the orc.
You kill the orc!
You closely miss the orc. Your grab misses the orc.
The orc hits you with a +0 war axe.
* * * LOW HITPOINT WARNING * * *
You closely miss the orc. Your grab misses the orc. The orc misses you.
You barely miss the orc. Your grab misses the orc. The orc closely misses you.
You closely miss the orc. You grab the orc. You constrict the orc.
The orc hits you with a +0 war axe!
You die...

#..........# #.............#
#........#.# #...##........#
#........#.# ..............#
#........#.# .#...#........##
#........#.##.##.#.#..........
##########....##.#.........#
#..####.......)....#
###..####...##.........#
#######.)..#.@o..###....#.##.#
#.......##...##.##J......... .
#......)##>.###.#..#....####..
#.......##..###.#.##....# .
#.......##.###..#.##....#
#.......................#
#.................###.
#.............[...#
#.................#


You could see an orc.

Vanquished Creatures
  3 adders (D:2)
  A dart slug (D:1)
  5 orcs (D:2)
  6 endoplasms
  2 goblins (D:1)
  A hobgoblin (D:2)
  3 jackals (D:1)
  2 quokkas
  A bat (D:1)
  4 kobolds (D:2)
  A rat (D:2)
29 creatures vanquished.

Notes
Turn   | Place    | Note
-------+----------+-------------------------------------------
     0 | D:1      | Anunax the Octopode Fighter began the quest for the Orb.
     0 | D:1      | Reached XP level 1. HP: 16/16 MP: 1/1
   370 | D:1      | Reached XP level 2. HP: 11/21 MP: 2/2
   968 | D:2      | Reached XP level 3. HP: 20/26 MP: 3/3
  1463 | D:2      | Reached XP level 4. HP: 24/31 MP: 4/4
  1603 | D:2      | Slain by an orc

Illustrated notes

Levels and vault maps discovered:
D:1:      psy_arrival_radial01, layout_rooms, kennysheep_boxes
D:2:      layout_rooms, dreamdust_ecumenical_altar_hidden_monk_grotto

Action                   |  1- 3 |  4- 6 || total
-------------------------+-------+-------++-------
Melee: War axe           |     6 |       ||     6
       Dagger            |    46 |    17 ||    63
       Tentacles         |    10 |     2 ||    12
       Constrict         |     8 |     4 ||    12
 Stab: Sleeping          |     3 |       ||     3
Armor: Skin              |     7 |     1 ||     8
Dodge: Dodged            |    19 |    14 ||    33
Block: Buckler           |     7 |     8 ||    15

Table legend: (Time is in decaauts)
 A = Elapsed time spent in this place.
 B = Non-inter-level travel time spent in this place.
 C = Inter-level travel time spent in this place.
 D = Time resting spent in this place.
 E = Time spent auto-exploring this place.
 F = Levels seen in this place.
 G = Mean time per level.
                   A        B        C        D        E       F      G
               +--------+--------+--------+--------+--------+-----+--------+
         Total |   1607 |   1598 |      9 |    612 |    760 |   2 |  803.5 |
       Dungeon |   1607 |   1598 |      9 |    612 |    760 |   2 |  803.5 |
               +--------+--------+--------+--------+--------+-----+--------+

Top non-repeatable levels by time:
     D:1: 961 daAuts
     D:2: 646 daAuts
